 Dungeon Crawl Stone Soup version 0.28.0-53-g5a82cb258f (webtiles) character file.

Game seed: 1170963817136848045

23460 Metae the Cleaver (level 12, -11/116 HPs)
             Began as a Minotaur Fighter on July 7, 2022.
             Was a High Priest of the Shining One.
             Mangled by a sun demon (17 damage)
             ... summoned by an orc high priest
             ... on level 2 of the Orcish Mines.
             The game lasted 01:25:28 (19600 turns).

Metae the Cleaver (Minotaur Fighter)               Turns: 19600, Time: 01:25:29

Health: -11/116    AC: 16    Str: 25    XL:     12   Next: 72%
Magic:  16/17      EV:  8    Int:  5    God:    the Shining One [*****.]
Gold:   1366       SH: 19    Dex: 17    Spells: 11/11 levels left

rFire   + . .      SeeInvis .   a - +3 war axe
rCold   + . .      Faith    .   S - +0 kite shield
rNeg    + + .      Spirit   .   J - +0 plate armour
rPois   +          Reflect  .   (helmet restricted)
rElec   .          Harm     .   U - scarf {rC+ rF+}
rCorr   .          Rampage  .   G - +0 pair of gloves
Will    +....                   T - +0 pair of boots
Stlth   ..........              (no amulet)
HPRegen 0.29/turn               u - +6 ring of dexterity
MPRegen 0.15/turn               c - ring of Oforoipn {rPois Will+ Slay+3}

@: divinely shielded, glowing
A: horns 2, retaliatory headbutt, deterioration 1
a: Renounce Religion, Divine Shield, Cleansing Flame, Summon Divine Warrior


You were on level 2 of the Orcish Mines.
You worshipped the Shining One.
The Shining One was extremely pleased with you.
You visited 2 branches of the dungeon, and saw 14 of its levels.
You also visited: Sewer and Bailey.

You collected 1366 gold pieces.

Inventory:

Hand Weapons
 a - a +3 war axe (weapon)
 b - the +6 hunting sling "Rumpuu" {vorpal, Stlth+}
   (You found it on level 11 of the Dungeon)

   Any ammunition fired from it inflicts extra damage upon your enemies.
   Stlth:     It makes you more stealthy.
 R - a +6 vorpal trident
 Y - a +3 great sword
Missiles
 f - 3 throwing nets
 Q - 40 sling bullets
Armour
 C - +0 steam dragon scales
 G - a +0 pair of gloves (worn)
 J - a +0 plate armour (worn)
 S - a +0 kite shield (worn)
 T - a +0 pair of boots (worn)
 U - a scarf of resistance (worn)
 Z - a +2 chain mail of fire resistance
Jewellery
 c - the ring of Oforoipn (right hand) {rPois Will+ Slay+3}
   (You found it on level 10 of the Dungeon)

   [ring of willpower]

   Slay:      It affects your accuracy & damage with ranged weapons and melee
   (+3).
   rPois:     It protects you from poison.
   Will:      It increases your willpower.
 u - a +6 ring of dexterity (left hand)
 z - a ring of willpower
 A - a ring of fire
 D - a ring of ice
 N - a ring of see invisible
 P - the ring of the Turtledove {Fire Will+++ MP+9 Int-5 SInv}
   (You found it on level 9 of the Dungeon)

   [ring of fire]

   It enhances your fire magic.
   Int:       It affects your intelligence (-5).
   rF:        It protects you from fire.
   rC:        It makes you vulnerable to cold.
   MP:        It affects your magic capacity (+9).
   SInv:      It lets you see invisible.
   Will:      It greatly increases your willpower.
Wands
 h - a wand of charming (3)
 v - a wand of digging (13)
 B - a wand of flame (15)
 F - a wand of mindburst (16) (quivered)
 O - a wand of iceblast (7)
 W - a wand of paralysis (8)
 X - a wand of polymorph (3)
Scrolls
 g - 2 scrolls of enchant armour
 j - 4 scrolls of immolation
 k - 6 scrolls of fear
 l - a scroll of summoning {unknown}
 n - a scroll of silence
 p - 2 scrolls of blinking
 w - 3 scrolls of enchant weapon
 y - 4 scrolls of teleportation
 E - 2 scrolls of torment
 H - 2 scrolls of vulnerability {unknown}
 L - 5 scrolls of fog
 M - 2 scrolls of brand weapon {unknown}
Potions
 d - 4 potions of might
 e - 4 potions of degeneration
 i - a potion of flight {unknown}
 m - 2 potions of haste
 o - 3 potions of curing
 q - 4 potions of attraction
 r - a potion of cancellation {unknown}
 s - 2 potions of mutation
 t - a potion of ambrosia {unknown}
 x - 3 potions of invisibility
 K - a potion of magic {unknown}


   Skills:
 + Level 13.6 Fighting
 + Level 13.9 Axes
 - Level 5.4 Throwing
 - Level 8.3 Armour
 - Level 6.5 Dodging
 - Level 1.1 Stealth
 - Level 3.6 Shields
 + Level 9.1 Invocations
 - Level 4.1 Evocations


You had 11 spell levels left.
You didn't know any spells.
Your spell library contained the following spells:

 Spells                   Type           Power      Damage    Failure   Level
 Slow                     Hex            0%         N/A       100%        1
 Summon Small Mammal      Summ           0%         N/A       100%        1
 Call Canine Familiar     Summ           0%         N/A       100%        3
 Confusing Touch          Hex            0%         N/A       100%        3
 Dazzling Flash           Conj/Hex       0%         N/A       100%        3
 Portal Projectile        Hex/Tloc       0%         N/A       100%        3
 Summon Guardian Golem    Hex/Summ       0%         N/A       100%        3
 Vampiric Draining        Necr           0%         2d6       100%        3
 Animate Armour           Summ/Erth      0%         N/A       100%        4
 Leda's Liquefaction      Hex/Erth       0%         N/A       100%        4
 Olgreb's Toxic Radiance  Pois           0%         N/A       100%        4
 Agony                    Necr           0%         N/A       100%        5
 Blade Hands              Tmut           0%         N/A       100%        5
 Silence                  Hex/Air        0%         N/A       100%        5
 Iron Shot                Conj/Erth      0%         9d1       100%        6
 Ozocubu's Refrigeration  Ice            0%         4d5       100%        7
 Ignition                 Fire           0%         3d3       100%        8


Dungeon Overview and Level Annotations

Branches:
Dungeon (12/15)            Temple (0/1) D:5            Lair (0/6) D:8
    Orc (2/2) D:9             Elf (0/3) Orc:2         Sewer (visited)
 Bailey (visited)

Altars:
Gozag
Sif Muna
Vehumet
Wu Jian
Yredelemnul
The Shining One
Beogh

Annotations:
D:10 3 runed translucent doors, Weresquid's ghost, journeyman TeHu


Innate Abilities, Weirdness & Mutations

You have a pair of horns on your head.
You reflexively headbutt those who attack you in melee.
Your body sometimes deteriorates upon taking damage.


Message History

You slice the smoke demon!! Your headbutt misses the smoke demon.
The smoke demon is heavily wounded.
You block the smoke demon's attack. x3
You barely miss the smoke demon. You headbutt the smoke demon!
The smoke demon is almost dead.
The smoke demon gestures at you. The ball of steam hits you. You resist.
* * * LOW HITPOINT WARNING * * *
You slice the smoke demon!!
You kill the smoke demon!
The smoke demon disappears in a puff of smoke!
You slash the orc high priest! You headbutt the orc high priest.
The orc high priest is moderately wounded.
The orc high priest hits you with a +0 mace.
* * * LOW HITPOINT WARNING * * *
You slash the orc high priest!
The orc high priest is heavily wounded.
The orc high priest closely misses you.
You slice the orc high priest!!
The orc high priest is almost dead.
The orc high priest prays to Beogh.
You barely miss the orc high priest.
The orc high priest is almost dead.
You barely miss the sun demon.
The orc high priest mumbles some strange prayers to Beogh against you.
Beogh smites you!
* * * LOW HITPOINT WARNING * * *
The sun demon hits you.
* * * LOW HITPOINT WARNING * * *
You are engulfed in flames.
You resist.
* * * LOW HITPOINT WARNING * * *
Okay, then.
Blink to where?
Press: ? - help, Dir - move target
As you read the scroll of blinking, it crumbles to dust.
The orc high priest calls down the wrath of Beogh upon you.
Beogh smites you! The Shining One protects you from harm!
The sun demon hits you!
You die...

## # .## .## #. ##.. ..# ...#
.#####+# .### #... ..##...#
....... ..# #... )..#...# #....#
#.# ####.. ...##..## #....#
#.######(.#.. ....#...# ...#
#..o...').#.. ........#
####.#####.####.#..#.. ........#
#...3@...[[#..#.####..
..8...83####o####...).#.)'.##8...
.......o))...#..#..⌠..#}.#..'....
..8...8o####.'[.#.....####.##8...
......4.####.#[.#..........####..
.......o#..#.####)#####.####..#..
....#...#..'......#...#....'..#..
...##..##..#....#.#.).#....#..##.
...#...#####....#.##'##....#####.


You could see an orc high priest and a sun demon (summoned).

Vanquished Creatures
  An orc warlord (Orc:2)
  Josephine (Orc:2)
  2 vault guards (Bailey)
  2 ogre magi (Orc:1)
  2 two-headed ogres
  3 orc high priests
  A deep elf pyromancer (D:9)
  2 orc sorcerers
  A cyclops (D:11)
  A gargoyle (D:11)
  2 komodo dragons
  3 polar bears (D:9)
  4 trolls
  Prince Ribbit (D:5)
  Grinder (D:5)
  6 hornets
  A blink frog (Bailey)
  2 vampires
  A shadow (D:11)
  A wyvern (D:9)
  5 wraiths (Orc:2)
  4 yaks (D:9)
  5 humans (Bailey)
  A steam dragon (D:6)
  3 wargs
  Duvessa (D:7)
  Edmund (D:6)
  2 floating eyes (Orc:1)
  A sky beast (D:8)
  3 black bears
  An ice beast (D:9)
  24 orc warriors
  6 centaurs
  8 ogres
  2 phantoms
  10 bullfrogs (Bailey)
  4 kobold brigands
  A gnoll sergeant (D:9)
  3 scorpions
  Dowan (D:7)
  A water moccasin zombie (D:6)
  4 wights (D:8)
  6 killer bees
  4 howler monkeys
  2 jellies
  2 bullfrog zombies (D:5)
  2 centaur zombies
  A bullfrog skeleton (D:4)
  15 orc priests
  A centaur skeleton (D:7)
  2 hounds
  A gnoll shaman (D:4)
  A scorpion zombie (D:5)
  5 iguanas
  18 orc wizards
  2 killer bee zombies (D:7)
  A hound skeleton (D:4)
  16 gnolls
  A howler monkey skeleton (D:5)
  15 adders
  2 shadow imps
  A white imp (D:6)
  A howler monkey simulacrum (D:9)
  An adder skeleton (D:5)
  2 dart slugs
  69 orcs
  12 ball pythons
  12 endoplasms
  6 giant cockroaches
  8 hobgoblins
  7 jackals
  3 quokkas
  10 bats
  6 frilled lizards
  11 goblins
  19 kobolds
  12 rats
406 creatures vanquished.

Vanquished Creatures (others)
  An orc (D:8)
  6 fungi
  11 plants
  3 toadstools (D:4)
21 creatures vanquished.

Grand Total: 427 creatures vanquished

Notes
Turn   | Place    | Note
-------+----------+-------------------------------------------
     0 | D:1      | Metae the Minotaur Fighter began the quest for the Orb.
     0 | D:1      | Reached XP level 1. HP: 19/19 MP: 0/0
   139 | D:1      | Reached XP level 2. HP: 27/27 MP: 1/1
   565 | D:1      | Reached XP level 3. HP: 30/34 MP: 2/2
   790 | D:2      | Noticed a scorpion
   816 | D:2      | Killed a scorpion
   817 | D:2      | Reached XP level 4. HP: 41/41 MP: 3/3
   914 | D:2      | Reached skill level 5 in Fighting
   941 | D:2      | Reached skill level 1 in Dodging
  1448 | D:3      | Reached XP level 5. HP: 46/48 MP: 4/4
  1590 | D:3      | Reached skill level 5 in Axes
  1610 | D:3      | Found a glowing golden altar of the Shining One.
  1610 | D:3      | Found a radiant altar of Vehumet.
  1708 | D:3      | Found a faded altar of an unknown god.
  1789 | D:3      | Found a glowing drain.
  1793 | Sewer    | Entered a sewer
  1961 | Sewer    | Reached XP level 6. HP: 46/56 MP: 5/5
  2681 | D:3      | Became a worshipper of the Shining One
  2960 | D:3      | Reached skill level 1 in Stealth
  2979 | D:3      | Reached XP level 7. HP: 52/62 MP: 6/6
  3997 | D:4      | Reached * piety under the Shining One
  4566 | D:5      | Entered Level 5 of the Dungeon
  4649 | D:5      | Reached skill level 1 in Invocations
  4649 | D:5      | Reached XP level 8. HP: 71/71 MP: 6/8
  4818 | D:5      | Found a transporter.
  4845 | D:5      | Found a transporter.
  4913 | D:5      | Found a staircase to the Ecumenical Temple.
  5040 | D:5      | Noticed Grinder
  5046 | D:5      | Killed Grinder
  5167 | D:5      | Reached ** piety under the Shining One
  5246 | D:5      | Noticed Prince Ribbit
  5254 | D:5      | Killed Prince Ribbit
  5255 | D:5      | Reached skill level 10 in Axes
  5484 | D:5      | Found an opulent altar of Gozag.
  5990 | D:6      | Reached XP level 9. HP: 66/82 MP: 11/11
  6570 | D:6      | Noticed Edmund
  6593 | D:6      | Killed Edmund
  7237 | D:7      | Paralysed by a hornet for 1 turns
  7493 | D:7      | Found a shimmering blue altar of Sif Muna.
  7557 | D:7      | Reached skill level 5 in Invocations
  7828 | D:7      | Noticed Duvessa
  7839 | D:7      | Noticed Dowan
  7848 | D:7      | Killed Duvessa
  7850 | D:7      | Killed Dowan
  8064 | D:8      | Reached *** piety under the Shining One
  8079 | D:8      | Reached skill level 5 in Dodging
  8227 | D:8      | Found a staircase to the Lair.
  8326 | D:8      | Found a basalt altar of Yredelemnul.
  8385 | D:8      | Found a flagged portal.
  8398 | Bailey   | Entered a bailey
  8530 | Bailey   | Reached XP level 10. HP: 61/93 MP: 13/13
  8716 | Bailey   | Noticed a vault guard
  8728 | Bailey   | Killed a vault guard
  8729 | Bailey   | Reached skill level 10 in Fighting
  8729 | Bailey   | Reached skill level 1 in Throwing
  8905 | Bailey   | Noticed a vault guard
  8926 | Bailey   | Killed a vault guard
 10608 | D:9      | Found an ornate altar of the Wu Jian Council.
 10615 | D:9      | Identified the ring of the Turtledove {Fire Will+++ MP+9
                  | Int-5 SInv}
 11035 | D:9      | Found a staircase to the Orcish Mines.
 11152 | D:9      | Reached XP level 11. HP: 94/102 MP: 15/15
 11158 | D:9      | Noticed a deep elf pyromancer
 11283 | D:9      | Reached skill level 5 in Armour
 11544 | D:9      | Killed a deep elf pyromancer
 12398 | D:9      | You fall into a shaft and drop 3 floors!
 12538 | D:10     | Entered Level 10 of the Dungeon
 12540 | D:10     | Found a runed translucent gate.
 12540 | D:10     | Found a runed translucent gate.
 12540 | D:10     | Found a runed translucent gate.
 12541 | D:10     | Noticed a boulder beetle
 12560 | D:10     | Noticed a two-headed ogre
 12561 | D:10     | Noticed Weresquid's ghost (journeyman TeHu)
 12561 | D:10     | Reached **** piety under the Shining One
 12562 | D:10     | Noticed an orc sorcerer
 13528 | D:10     | Identified the ring of Oforoipn {rPois Will+ Slay+3}
 14870 | D:11     | Identified the +6 hunting sling "Rumpuu" {vorpal, Stlth+}
 15048 | D:11     | Reached skill level 1 in Evocations
 15429 | Orc:1    | Entered Level 1 of the Orcish Mines
 15436 | Orc:1    | Noticed a two-headed ogre
 15583 | D:9      | Killed a two-headed ogre
 16036 | Orc:1    | Noticed an orc high priest
 16114 | Orc:1    | Noticed a soul eater
 16116 | Orc:1    | Killed an orc high priest
 16243 | Orc:1    | Paralysed by a floating eye for 4 turns
 16252 | Orc:1    | Noticed an ogre mage
 16260 | Orc:1    | Paralysed by an ogre mage for 3 turns
 16263 | Orc:1    | Noticed an orc sorcerer
 16264 | Orc:1    | Killed an ogre mage
 16300 | Orc:1    | Gained mutation: Your body sometimes deteriorates upon
                  | taking damage. [a neqoxec]
 16717 | Orc:1    | Noticed a sun demon
 16723 | Orc:1    | Killed an orc sorcerer
 16736 | Orc:1    | Noticed an ogre mage
 16741 | Orc:1    | Paralysed by something for 5 turns
 16751 | Orc:1    | Killed an ogre mage
 16752 | Orc:1    | Reached XP level 12. HP: 78/113 MP: 16/16
 16999 | Orc:1    | Noticed an orc high priest
 17009 | Orc:1    | Killed an orc high priest
 17010 | Orc:1    | Reached skill level 5 in Throwing
 17236 | Orc:2    | Entered Level 2 of the Orcish Mines
 17372 | Orc:2    | Noticed a two-headed ogre
 17395 | Orc:2    | HP: 4/113 [two-headed ogre/+0 giant club (7)]
 17397 | Orc:1    | HP: 1/113 [two-headed ogre/+0 giant club (15)]
 17398 | Orc:1    | Killed a two-headed ogre
 18380 | Orc:2    | Found a staircase to the Elven Halls.
 18740 | Orc:2    | Noticed an orc warlord
 18761 | Orc:2    | Killed an orc warlord
 18762 | Orc:2    | HP: 5/115 [orc warrior/+0 short sword[an orc warlord] (16)]
 19266 | Orc:2    | Noticed an orc high priest
 19293 | Orc:2    | Killed an orc high priest
 19293 | Orc:2    | Reached ***** piety under the Shining One
 19517 | Orc:2    | Noticed Josephine
 19538 | Orc:2    | Killed Josephine
 19562 | Orc:2    | Noticed an orc high priest
 19582 | Orc:2    | HP: 4/116 [sixfirhy[an orc high priest] (12)]
 19595 | Orc:2    | HP: 4/116 [sun demon[an orc high priest] (6)]
 19600 | Orc:2    | The Shining One protects you from harm!
 19600 | Orc:2    | Mangled by a sun demon

Illustrated notes

Levels and vault maps discovered:
D:1:      dpeg_arrival_fog, layout_rooms,
          nicolae_concentric_dashed_squares_wild, minmay_pentomino_x2
D:2:      layout_basic
D:3:      layout_basic, gammafunk_temple_overflow_wave, basic_ecumenical_altar,
          gup_sewer_entry_bowl
D:4:      layout_loops_ring, kennysheep_nub, minmay_gold_behind_fungi,
          serial_bayou_crossing
D:5:      gammafunk_steamed_eel, layout_rooms, kennysheep_little_box,
          temple_hall_moat, minmay_circle_x, uniq_prince_ribbit1, uniq_grinder
D:6:      layout_basic, nrook_uturn, uniq_edmund
D:7:      cheibrodos_helix_gallery, layout_cave_pools,
          mainiacjoe_overflow_brackets, eino_curves_02, uniq_duvessa
D:8:      layout_gridville, lemuel_doored_altar, lair_entry_dummy,
          enter_bailey_3
D:9:      nicolae_cairo_tiling_very_big, layout_cave_pools,
          mainiacjoe_overflow_tiny_flanked, serial_ice, serial_ice_f,
          serial_ice_g, serial_ice_h, serial_ice_k
D:10:     layout_rooms, gammafunk_ghost_split, fountainhead,
          minmay_misc_feat_more_columns
D:11:     layout_irregular_city
D:12:     layout_irregular_city, uniq_snorg
Orc:1:    hellmonk_paralyzer, layout_caves, serial_shops
Orc:2:    pubby_orc_utopia, uniq_josephine

Skill      XL: |  1  2  3  4  5  6  7  8  9 10 11 12 |
---------------+-------------------------------------+-----
Fighting       | 4 5 6 8 9 11 12 13 | 13.6
Axes           | 3 4 6 7 8 10 11 12 13 | 13.9
Dodging        | 1 2 3 5 6 |  6.5
Stealth        | 1 |  1.1
Invocations    | 1 4 5 7 9 |  9.1
Throwing       | 2 4 5 |  5.4
Armour         | 4 7 8 |  8.3
Evocations     | 3 4 |  4.1
Shields        | |  3.6

Action                   |  1- 3 |  4- 6 |  7- 9 | 10-12 || total
-------------------------+-------+-------+-------+-------++-------
Melee: War axe           |    67 |   111 |   283 |   454 ||   915
       Headbutt          |     9 |    11 |    88 |   136 ||   244
 Fire: Hunting sling     |       |       |       |    14 ||    14
Invok: Divine Shield     |       |       |     1 |     5 ||     6
       Cleansing Flame   |       |       |       |     1 ||     1
Evoke: Wand              |       |       |       |     6 ||     6
  Use: Scroll            |       |       |     9 |     7 ||    16
       Potion            |       |       |     1 |     5 ||     6
Armor: Scale mail        |    41 |    27 |    83 |    12 ||   163
       Plate armour      |       |       |       |   182 ||   182
Dodge: Dodged            |    42 |    45 |   143 |   152 ||   382
Block: Buckler           |    17 |    28 |    85 |    29 ||   159
       Kite shield       |       |       |       |   195 ||   195
